 Dungeon Crawl Stone Soup version 0.17-a0-2122-g03d97ec (webtiles) character file.

247 brucemayne the Chopper (level 5, 0/41 HPs)
             Began as a Demonspawn Berserker on Oct 21, 2015.
             Was a Follower of Trog.
             Succumbed to poison (a potion of poison)
             ... on level 5 of the Dungeon.
             The game lasted 00:02:55 (576 turns).

brucemayne the Chopper (Demonspawn Berserker)        Turns: 576, Time: 00:02:56

Health: 0/41       AC:  9    Str: 19    XL:     5   Next: 85%
Magic:  5/5        EV: 10    Int: 13    God:    Trog [*.....]
Gold:   35         SH:  3    Dex: 12    Spells: 0 memorised, 4 levels left

rFire  . . .     SeeInvis .     a - +0 hand axe
rCold  . . .     Clarity  .     e - +0 scale mail (curse)
rNeg   . . .     SustAt   .     (no shield)
rPois  .         Gourm    .     (no helmet)
rElec  .         Spirit   .     (no cloak)
rCorr  .         Warding  .     (no gloves)
rMut   .         Stasis   .     (no boots)
MR     .....                    (no amulet)
Stlth  ..........               (no ring)
                                (no ring)

@: brilliant, lethally poisoned (0 -> -1), exhausted, not resistant to hostile
enchantments, extremely unstealthy
A: hooves 1, large bone plates 2
a: Berserk, Burn Spellbooks, Renounce Religion


You were on level 5 of the Dungeon.
You worshipped Trog.
Trog was aware of your devotion.
You were very hungry.

You visited 1 branch of the dungeon, and saw 6 of its levels.

You collected 35 gold pieces.

Inventory:

Hand Weapons
 a - a +0 hand axe (weapon)
 i - a +0 dagger of electrocution
Armour
 b - a +0 animal skin
 e - a cursed +0 scale mail (worn)
Scrolls
 d - 3 scrolls of remove curse {unknown}
 k - a scroll of enchant weapon {unknown}
Comestibles
 c - a bread ration


   Skills:
 - Level 3.0 Fighting
 + Level 6.1 Axes
 - Level 1.7 Armour
 - Level 1.7 Dodging


You had 4 spell levels left.
You didn't know any spells.

Dungeon Overview and Level Annotations

Branches:
Dungeon (6/15)
 Temple: D:4-7

Altars:


Innate Abilities, Weirdness & Mutations

You have large cloven feet.
You are mostly covered in large bone plates (AC +3, SH +3).


Message History

You feel sick. Something hits you.
* * * LOW HITPOINT WARNING * * *
You hear some strange, mumbled words.
A puff of flame appears from out of thin air!
The puff of flame hits you!
* * * LOW HITPOINT WARNING * * *
Read which item? (? for menu, Esc to quit)
As you read the scroll labeled YJOEDACIMEO, it crumbles to dust.
You hear a loud clanging noise!
It was a scroll of noise.
You feel yourself speed up.
You hear a shout!
You hear some strange, mumbled words.
Something tries to affect you, but you resist.
A scorpion comes into view.
Read which item? (? for menu, Esc to quit)
As you read the scroll labeled CIKLOKHIUSA, it crumbles to dust.
You assume a fearsome visage.
The scorpion looks frightened!
It was a scroll of fear.
You aren't carrying any potions.
You die...

#######
#.....#####.s#
#...........#
#...@.......#
##..........#
#.<........#
##.........#
#########.# #


You could see a scorpion (fleeing).

Vanquished Creatures
  Eustachio (D:5)
  The ghost of zkyp the Insei, an amateur DsMo (D:3)
  An adder (D:2)
  2 orcs (D:6)
  2 giant cockroaches (D:2)
  A hobgoblin (D:1)
  A bat (D:1)
  2 giant newts (D:1)
  3 goblins (D:1)
  4 kobolds
  3 rats (D:1)
21 creatures vanquished.

Notes
Turn   | Place    | Note
--------------------------------------------------------------
     0 | D:1      | brucemayne the Demonspawn Berserker began the quest for the Orb.
     0 | D:1      | Reached XP level 1. HP: 18/18 MP: 1/1
   202 | D:1      | Gained mutation: You are partially covered in large bone plates (AC +2, SH +2). [demonic ancestry]
   202 | D:1      | Reached XP level 2. HP: 21/24 MP: 2/2
   460 | D:3      | Noticed zkyp's ghost (amateur DsMo)
   480 | D:3      | Killed zkyp's ghost
   480 | D:3      | Reached skill level 4 in Axes
   480 | D:3      | Reached XP level 3. HP: 25/29 MP: 3/3
   480 | D:3      | Gained mutation: You have large cloven feet. [demonic ancestry]
   480 | D:3      | Reached XP level 4. HP: 30/35 MP: 4/4
   538 | D:5      | Entered Level 5 of the Dungeon
   542 | D:6      | Noticed Eustachio
   542 | D:6      | Noticed an orc warrior
   545 | D:6      | Noticed a giant frog
   548 | D:6      | Reached ** piety under Trog
   558 | D:5      | Killed Eustachio
   558 | D:5      | Reached skill level 6 in Axes
   558 | D:5      | Gained mutation: You are mostly covered in large bone plates (AC +3, SH +3). [demonic ancestry]
   558 | D:5      | Reached XP level 5. HP: 21/41 MP: 5/5
   573 | D:5      | HP: 1/41 [something/puff of flame (4)]
   576 | D:5      | Succumbed to poison (a potion of poison)

Vault maps used:
D:1:      co_arrival_random_square_maze, st_stairs_4
D:2:      lemuel_upstairs_altar, tgw_xom
D:3:      first_bread, uniq_terence
D:4:      gammafunk_temple_overflow_elements, serial_park_tiny_pond,
          minmay_box_of_dots, uniq_menkaure
D:5:      nicolae_gozag_seed_capital, minmay_temple_entry_overgrown
D:6:      gammafunk_temple_overflow_forgotten, uniq_duvessa, uniq_sigmund,
          uniq_eustachio

Action                   |  1- 3 |  4- 6 || total
-------------------------+-------+-------++-------
Melee: Hand axe          |    49 |    23 ||    72
Invok: Berserk           |     3 |     1 ||     4
       Trog's Hand       |       |     2 ||     2
  Use: Potion            |       |     2 ||     2
       Scroll            |       |     3 ||     3
  Eat: Chunk             |       |     2 ||     2
